 Dungeon Crawl Stone Soup version 0.32-a0-131-g9dbbe29261 (webtiles) character file.

Game seed: 16690121290481516765

2492 Chipwarrior the Zephyrmancer (level 9, -17/47 HPs)
             Began as a Tengu Air Elementalist on Feb 8, 2024.
             Demolished by an orc warrior
             ... wielding a +0 war axe
              (18 damage)
             ... in a bailey.
             The game lasted 00:26:06 (7723 turns).

Chipwarrior the Zephyrmancer (TeAE)                 Turns: 7723, Time: 00:26:07

Health: -17/47     AC:  7    Str:  8    XL:     9   Next: 52%
Magic:  1/18       EV: 17    Int: 28    God:
Gold:   1052       SH:  5    Dex: 14    Spells: 15/22 levels left

rFire   x . .        w - +4 war axe "Cyrexaus" {freeze, rElec Int+3 Dex-2 SInv}
rCold   + . .        (no shield)
rNeg    . . .        p - +2 robe {Will+}
rPois   .            x - +2 hat
rElec   +            (no cloak)
rCorr   .            (no gloves)
SInv    +            (boots unavailable)
Will    +....        o - amulet of reflection
Stlth   ++           l - +6 ring of intelligence
HPRegen 0.27/turn    g - ring of ice
MPRegen 0.16/turn

%: reflection, acrobat
@: flying, invisible
A: beak, talons 3, evasive flight, acrobatic, low MP 1, shaggy fur 1, inability
to read after injury 1
a: no special abilities


You were in a bailey.
You visited 2 branches of the dungeon, and saw 8 of its levels.
You also visited: Bailey.

You collected 1052 gold pieces.

Inventory:

Hand Weapons
 w - the +4 war axe "Cyrexaus" (weapon) {freeze, rElec Int+3 Dex-2 SInv}
   (You found it on level 4 of the Dungeon)

   Int+3:     It affects your intelligence (+3).
   Dex-2:     It affects your dexterity (-2).
   rElec:     It insulates you from electricity.
   SInv:      It lets you see invisible.
Missiles
 u - 2 throwing nets
Armour
 p - a +2 robe of willpower (worn)
 x - a +2 hat (worn)
 y - the +3 leather armour of the New World {Dex+3}
   (You found it in a bailey)

   Dex+3:     It affects your dexterity (+3).
Magical Staves
 n - a staff of earth
Jewellery
 g - a ring of ice (right hand)
 l - a +6 ring of intelligence (left hand)
 o - an amulet of reflection (around neck)
 s - a ring of protection from fire
Wands
 k - a wand of polymorph (7)
Scrolls
 a - a scroll of butterflies
 c - a scroll of amnesia
 f - a scroll of teleportation
 j - 2 scrolls of vulnerability
 m - a scroll of identify
 r - a scroll of brand weapon
 t - a scroll of fog
 v - a scroll of revelation {unknown}
Potions
 b - a potion of magic
 d - 2 potions of invisibility
 e - a potion of cancellation
 h - 2 potions of enlightenment
 i - a potion of might
 q - a potion of mutation
 z - a potion of brilliance


   Skills:
 + Level 1.4 Fighting
 + Level 0.7 Short Blades
 + Level 2.0 Axes
 + Level 3.8 Dodging
 + Level 3.1 Stealth
 + Level 0.5 Shields
 + Level 7.3 Spellcasting
 + Level 6.7 Conjurations
 + Level 10.0 Air Magic


You had 15 spell levels left.
You knew the following spells:

 Your Spells              Type           Power      Damage    Failure   Level
a - Shock                 Conj/Air       100%       1d9       1%          1
b - Static Discharge      Conj/Air       100%       3-8/arc   1%          2
c - Airstrike             Air            30%        2d(5-21)  1%          4

Your spell library contained the following spells:

 Spells                   Type           Power      Damage    Failure   Level
 Swiftness                Air            61%        N/A       1%          3
 Fugue of the Fallen      Necr           10%        N/A       16%         3
 Ozocubu's Armour         Ice            15%        N/A       16%         3
 Manifold Assault         Tloc           10%        N/A       47%         4
 Sculpt Simulacrum        Ice/Alch       7%         N/A       100%        6
 Ozocubu's Refrigeration  Ice            7%         4d9       100%        7
 Polar Vortex             Ice            7%         12d1*     100%        9


Dungeon Overview and Level Annotations

Branches:
Dungeon (7/15)             Temple (1/1) D:5          Bailey (1/1)

Altars:
Ashenzari
Cheibriados
Dithmenos
Elyvilon
Fedhas
Kikubaaqudgha
Nemelex Xobeh
Qazlal
Ru
Sif Muna
Trog
Uskayaw
Wu Jian
Xom
Yredelemnul
The Shining One

Shops:
D:5 *


Innate Abilities, Weirdness & Mutations

You have a beak for a mouth.
You have claws for feet.
Your magical flight helps you evade attacks. (EV +4)
You can magically evade attacks while moving or waiting.
Your magical capacity is low. (-10% MP)
You are covered in fur. (AC +1)
You occasionally lose the ability to read scrolls when taking damage.


Message History

You feel threatened and lose the ability to read scrolls!
The zap misses the orc warrior.
The orc warrior barely misses you.
The zap misses the orc warrior.
The orc warrior hits you with a +0 war axe!
You closely miss the orc warrior.
The orc warrior is heavily wounded.
You block the orc warrior's attack.
You hit the orc warrior. You freeze the orc warrior.
Your kick misses the orc warrior.
The orc warrior is severely wounded.
The orc warrior misses you. The orc warrior barely misses you.
You slash the orc warrior! You freeze the orc warrior.
You kill the orc warrior!
Your Axes skill increases to level 2!
An orc warrior comes into view. It is wielding a +0 war axe.
The orc warrior shouts!
Items here: $ )) [[ †.
You now have 1052 gold pieces (gained 480).
The zap hits the orc warrior!
The orc warrior is moderately wounded.
The orc warrior hits you with a +0 war axe!
Casting: Shock (safe; 1% risk of failure)
Confirm with . or Enter, or press ? or * to list all spells.
You don't have enough magic to cast this spell.
You hit the orc warrior. You freeze the orc warrior.
Your peck misses the orc warrior.
The orc warrior is heavily wounded.
The orc warrior hits you with a +0 war axe.
You closely miss the orc warrior.
The orc warrior is heavily wounded.
You can read scrolls again.
The orc warrior hits you with a +0 war axe!
* * * LOW HITPOINT WARNING * * *
The orc warrior hits you with a +0 war axe!
* * * LOW HITPOINT WARNING * * *
Okay, then.
Okay, then.
You fade into invisibility!
The orc warrior hits you with a +0 war axe!!
You die...

...≈≈≈≈≈≈≈≈###
≈≈≈≈≈≈≈≈≈≈≈≈≈≈###
≈≈≈#########≈≈≈≈##
≈≈K#...[...#∩≈≈≈≈≈
####.......####≈≈≈ ..
#..####'####..#(~≈ ...
###..)^ .. ....###.
....#.'.o# ##g ###..' #.
....# #@.# #..# #.
.⌠....#(.# #..# #.
......#)## ######.
......())#########...(..
#......)..).............
#############.##########
#..#....#..#
##...#...##. ###########


You could see an orc warrior (unable to see you) and a kobold (unable to see
you).

Vanquished Creatures
  2 steam dragons
  A water moccasin (D:7)
  3 orc warriors (Bailey)
  2 sky beasts
  An ice beast (D:7)
  2 ogres
  A centaur (D:6)
  A phantom (D:5)
  A bullfrog (D:6)
  A gnoll sergeant (D:6)
  3 scorpions
  3 bombardier beetles
  5 hounds
  2 jellies
  Natasha (D:3)
  2 sleepcaps
  2 iguanas
  4 orc wizards
  An ogre zombie (D:4)
  11 gnolls
  An orc zombie (D:4)
  9 adders
  A gnoll zombie (D:4)
  2 shadow imps
  A white imp (D:6)
  4 ufetubi
  A ribbon worm (D:2)
  3 dart slugs
  6 orcs
  4 bats
  3 endoplasms (D:2)
  3 giant cockroaches
  18 goblins
  8 hobgoblins
  8 jackals
  2 quokkas
  7 ball pythons
  16 kobolds
  11 rats
157 creatures vanquished.

Notes
Turn   | Place    | Note
-------+----------+-------------------------------------------
     0 | D:1      | Chipwarrior the Tengu Air Elementalist began the quest for
                  | the Orb.
     0 | D:1      | Reached XP level 1. HP: 10/10 MP: 4/4
   272 | D:1      | Reached XP level 2. HP: 15/15 MP: 0/6
   281 | D:1      | Learned a level 2 spell: Static Discharge
   743 | D:1      | Reached skill level 5 in Air Magic
   969 | D:1      | Reached XP level 3. HP: 15/19 MP: 1/7
  1900 | D:2      | Found a shadowy altar of Dithmenos.
  1943 | D:2      | Gained mutation: Your magical capacity is low. (-10% MP)
                  | [potion of mutation]
  1943 | D:2      | Gained mutation: You occasionally lose the ability to read
                  | scrolls when taking damage. [potion of mutation]
  1943 | D:2      | Gained mutation: You are covered in fur. (AC +1) [potion of
                  | mutation]
  2213 | D:3      | Reached XP level 4. HP: 24/24 MP: 5/8
  2805 | D:3      | Noticed Natasha
  2812 | D:3      | Killed Natasha
  2872 | D:3      | Noticed an ogre
  2885 | D:3      | Learned a level 4 spell: Airstrike
  2973 | D:3      | Killed an ogre
  2974 | D:3      | Reached XP level 5. HP: 28/28 MP: 0/10
  3156 | D:3      | Reached skill level 6 in Air Magic
  3183 | D:3      | Reached XP level 6. HP: 25/32 MP: 7/11
  3750 | D:4      | Gained mutation: Your magical flight helps you evade
                  | attacks. (EV +4) [Tengu growth]
  3750 | D:4      | Reached XP level 7. HP: 36/36 MP: 8/13
  3755 | D:4      | Reached skill level 7 in Air Magic
  3851 | D:4      | Found a transporter.
  4201 | D:4      | Found a transporter.
  4370 | D:5      | Entered Level 5 of the Dungeon
  4506 | D:5      | Found a staircase to the Ecumenical Temple.
  4513 | Temple   | Entered the Ecumenical Temple
  4791 | D:5      | Reached skill level 5 in Spellcasting
  4791 | D:5      | Reached skill level 5 in Conjurations
  5337 | D:5      | Reached XP level 8. HP: 42/42 MP: 6/15
  5445 | D:5      | Found Galief's Serpentskin Sales.
  5639 | D:5      | Reached skill level 8 in Air Magic
  5795 | D:4      | Identified the +4 war axe "Cyrexaus" {freeze, rElec Int+3
                  | Dex-2 SInv}
  6275 | D:6      | Reached skill level 1 in Fighting
  6441 | D:6      | Found a blossoming altar of Fedhas.
  6687 | D:6      | Reached skill level 9 in Air Magic
  6687 | D:6      | Reached XP level 9. HP: 47/47 MP: 4/17
  7190 | D:7      | Reached skill level 1 in Axes
  7296 | D:7      | Found a flagged portal.
  7307 | Bailey   | Entered a bailey
  7520 | Bailey   | Identified the +3 leather armour of the New World {Dex+3}
  7637 | Bailey   | Reached skill level 10 in Air Magic
  7722 | Bailey   | HP: 1/47 [orc warrior/+0 war axe (8)]
  7723 | Bailey   | Demolished by an orc warrior

Illustrated notes

Levels and vault maps discovered:
D:1:      dpeg_arrival_rhombi, layout_basic
D:2:      layout_basic, basic_altar, ebering_dispersal_statue_hall,
          minmay_stone_trees_large, corner_web_ring, minmay_pentomino_pile
D:3:      layout_basic, kennysheep_potato, uniq_natasha
D:4:      gammafunk_cloud_chamber, layout_basic, grunt_decor_cap
D:5:      layout_basic, minmay_temple_entry_trees, guppyfry_shop_venom
D:6:      layout_loops_cross, lemuel_tele_altar
D:7:      layout_cave_pools, enter_bailey_7
Temple:   nicolae_temple_superstar
Bailey:   bailey_axe_4, bailey

Skill      XL: |  1  2  3  4  5  6  7  8  9 |
---------------+----------------------------+-----
Air Magic      | 5 6 7 9 10 | 10.0
Conjurations   | 2 3 5 6 |  6.7
Spellcasting   | 3 4 5 6 7 |  7.3
Dodging        | 3 |  3.8
Stealth        | 3 |  3.1
Fighting       | 1 |  1.4
Axes           | 2 |  2.0
Short Blades   | |  0.7
Shields        | |  0.5

Action                     |  1- 3 |  4- 6 |  7- 9 || total
---------------------------+-------+-------+-------++-------
  Melee: Unarmed           |     3 |       |       ||     3
         Kick              |     4 |       |    15 ||    19
         Dagger            |    12 |       |    24 ||    36
         Peck              |     4 |       |     8 ||    12
         Punch             |       |       |     2 ||     2
         War axe           |       |       |    36 ||    36
   Cast: Shock             |    72 |    61 |   160 ||   293
         Static Discharge  |     1 |     5 |    24 ||    30
         Airstrike         |       |     2 |    26 ||    28
    Use: Scroll            |     6 |     1 |     8 ||    15
         Potion            |     6 |       |     3 ||     9
 Armour: Robe              |    13 |    12 |    83 ||   108
  Dodge: Dodged            |    18 |     7 |    92 ||   117
  Block: Other             |       |       |    15 ||    15
         Reflection        |       |       |     2 ||     2

Table legend: (Time is in decaauts)
 A = Elapsed time spent in this place.
 B = Non-inter-level travel time spent in this place.
 C = Inter-level travel time spent in this place.
 D = Time resting spent in this place.
 E = Time spent auto-exploring this place.
 F = Levels seen in this place.
 G = Mean time per level.
                   A        B        C        D        E       F      G
               +--------+--------+--------+--------+--------+-----+--------+
         Total |   7736 |   7563 |    173 |      5 |   6339 |   9 |  859.6 |
       Dungeon |   7183 |   7010 |    173 |      5 |   6040 |   7 | 1026.1 |
        Temple |    133 |    133 |      0 |      0 |      0 |   1 |  133.0 |
        Bailey |    419 |    419 |      0 |      0 |    299 |   1 |  419.0 |
               +--------+--------+--------+--------+--------+-----+--------+

Top non-repeatable levels by time:
     D:5: 1260 daAuts
     D:1: 1230 daAuts
     D:6: 1184 daAuts
     D:3: 1149 daAuts
     D:4: 1138 daAuts
     D:2: 950 daAuts
  Bailey: 419 daAuts
     D:7: 269 daAuts
  Temple: 133 daAuts
